AoeStats
← jaydon9944

Arabia

508582476Analyzed
2v2 RM · 11d ago on Sep 23, 2026· 50m 6s· 4 players
Game mode
Random Map
Map size
Medium (4 player)
Population
200
Speed
Normal
Resources
Standard
Victory
Conquest
Starting age
Dark Age
Ending age
Imperial Age
RankedLock teamsTeams togetherTeam positionsShared explorationLock speedFull tech treeHidden civsTurbo modeCheats
Victory
Defeat
🇺🇸 Saxons · United States
1193
+17
🇺🇸 Danes · United States
1192
+17
🇵🇪 Goths · Peru
1233
-18
🇵🇪 Persians · Peru
1182
-16
jaydon9944
6:10 Loom
9:02 Feudal Age
9:48 Double-Bit Axe
10:37 Horse Collar
14:01 Fletching
21:15 Castle Age
19:59 Gold Mining
22:05 Wheelbarrow
23:48 Arson
26:37 Squires
26:58 Scale Mail Armor
27:09 Forging
32:54 Bow Saw
49:24 Chain Mail Armor
49:45 Iron Casting
Monkeykapaa
5:52 Loom
8:26 Feudal Age
9:05 Double-Bit Axe
13:12 Horse Collar
17:12 Wheelbarrow
20:21 Castle Age
21:17 Bow Saw
22:02 Heavy Plow
22:06 Town Watch
22:13 Gold Mining
22:13 Stone Mining
22:21 Crossbowman
26:22 Ballistics
27:24 Fletching
28:02 Bodkin Arrow
33:04 Imperial Age
31:33 Padded Archer Armor
32:04 Squires
31:53 Pikeman
33:46 Bracer
33:21 Arbalester
35:22 Halberdier
36:34 Conscription
37:48 Leather Archer Armor
39:40 Ring Archer Armor
39:17 Scale Mail Armor
40:38 Hand Cart
41:35 Chain Mail Armor
42:50 Plate Mail Armor
42:39 Elite Varangian Guard
44:26 Forging
43:44 Shield Wall
46:23 Iron Casting
47:11 Arson
47:13 Gambesons
47:20 Arson
51:28 Chemistry
Peru_Rush
3:36 Loom
8:53 Feudal Age
9:19 Town Watch
9:23 Double-Bit Axe
19:30 Man-at-Arms
21:16 Scale Mail Armor
22:00 Forging
23:48 Wheelbarrow
23:42 Fletching
30:03 Castle Age
28:03 Gold Mining
27:55 Horse Collar
30:16 Stone Mining
30:21 Long Swordsman
31:36 Chain Mail Armor
31:59 Iron Casting
33:46 Bow Saw
33:37 Heavy Plow
34:40 Squires
39:51 Hand Cart
40:38 Anarchy
45:03 Imperial Age
46:10 Conscription
45:14 Elite Huskarl
46:19 Two-Handed Swordsman
Peru_o_O
3:56 Loom
9:34 Feudal Age
10:21 Double-Bit Axe
21:02 Castle Age
19:34 Bloodlines
19:49 Scale Barding Armor
19:40 Horse Collar
22:08 Forging
22:10 Bow Saw
22:47 Chain Barding Armor
26:46 Wheelbarrow
29:02 Hand Cart
31:24 Husbandry
32:52 Iron Casting
37:16 Imperial Age
35:38 Fletching
35:58 Elite Skirmisher
37:17 Bodkin Arrow
40:28 Padded Archer Armor
41:03 Plate Barding Armor
48:44 Blast Furnace
48:48 Cavalier
Connection lost

Rejoining the realm…

Still unreachable

The connection could not be restored.

Session expired

The server has moved on; the page needs a fresh start.